 Dungeon Crawl Stone Soup version 0.13-a0-2305-ge00d11d (webtiles) character file.

610 Kae the Chiller (level 6, -1/24 (32) HPs)
             Began as a Deep Elf Ice Elementalist on July 9, 2013.
             Slain by an ice beast (9 damage)
             ... on Level 5 of the Dungeon.
             The game lasted 00:07:11 (4784 turns).

Kae the Chiller (Deep Elf Ice Elementalist)         Turns: 4784, Time: 00:07:11

HP  -1/24 (32)   AC  6     Str  9      XL: 6   Next: 54%
MP  14/18        EV 18     Int 25      God:
Gold 211         SH  0     Dex 18      Spells:  3 memorised,  5 levels left

Res.Fire  : . . .   See Invis. : .   q - +0,+1 spear
Res.Cold  : . . .   Warding    : .   a - +0 elf robe (curse)
Life Prot.: . . .   Conserve   : .   (no shield)
Res.Poison: .       Res.Corr.  : .   (helmet restricted)
Res.Elec. : .       Clarity    : .   (no cloak)
Sust.Abil.: . .     Spirit.Shd : .   (no gloves)
Res.Mut.  : .       Stasis     : .   (no boots)
Res.Rott. : .       Flight     : .   (no amulet)
Saprovore : . . .                    (no ring)
                                     l - +3 ring of strength

@: brilliant, agile, slowed, very slow, slightly resistant to hostile
enchantments, quite stealthy
A: antennae 1, blurry vision 1, AC +4, Str -1, Dex -2
a: no special abilities


You were on level 5 of the Dungeon.
You were not hungry.

You visited 1 branch of the dungeon, and saw 5 of its levels.

You collected 191 gold pieces.

Inventory:

Hand weapons
 q - a +0,+1 spear (weapon)
Armour
 a - a cursed +0 elven robe (worn)
Comestibles
 c - 3 bread rations
 h - an apple
Scrolls
 d - 9 scrolls of identify
 e - 2 scrolls of fear
 f - 2 scrolls of teleportation
 j - 2 scrolls of magic mapping
 p - a scroll of amnesia
Jewellery
 l - a +3 ring of strength (left hand)
 s - an uncursed ring of sustain abilities {unknown}
 u - an uncursed ring of protection from cold {unknown}
Potions
 i - a potion of curing
 m - 3 potions of speed
Books
 b - a book of Frost

   Spells                             Type                      Level
   *Freeze                            Ice                          1
   *Throw Frost                       Conjuration/Ice              2
   Ozocubu's Armour                   Charms/Ice                   3
   *Throw Icicle                      Conjuration/Ice              4
   Summon Ice Beast                   Ice/Summoning                4
   Condensation Shield                Ice                          4


   Skills:
 - Level 2.4 Dodging
 - Level 2.4 Stealth
 + Level 3.8 Spellcasting
 * Level 4.5 Conjurations
 * Level 6.0 Ice Magic


You had 5 spell levels left.
You knew the following spells:

 Your Spells              Type           Power        Failure   Level  Hunger
a - Freeze                Ice            ####         1%          1    None
b - Throw Frost           Conj/Ice       #####.       1%          2    None
c - Throw Icicle          Conj/Ice       #####...     1%          4    ####...


Dungeon Overview and Level Annotations

Branches:
Dungeon (5/27)
 Temple: D:4-7

Altars:
Elyvilon


Innate Abilities, Weirdness & Mutations

You have a pair of small antennae on your head.
You are partially covered in rough black scales (AC +4, Dex -1).
Your vision is a little blurry.
You are clumsy (Dex -1).
You are weak (Str -1).


Message History

You closely miss the ice beast.
The ice beast is lightly wounded.
The ice beast barely misses you.
The ice beast hits you but does no damage.
You barely miss the ice beast.
The ice beast is lightly wounded.
The ice beast completely misses you. The ice beast misses you.
You hit the ice beast but do no damage.
The ice beast is lightly wounded.
The ice beast hits you. The ice beast freezes you!
Casting: Throw Icicle
Confirm with . or Enter, or press ? or * to list all spells.
Aiming: Throw Icicle
Press: ? - help, Shift-Dir - straight line, f/p - ice beast
Aim: an ice beast (lightly wounded)
The shard of ice hits the ice beast.
The ice beast partially resists.
The ice beast is heavily wounded.
The ice beast closely misses you. The ice beast hits you.
The ice beast freezes you!
You die...

**,,, *,,, ,*
*#,<,,,***,,,*
*#b.,,*** ,,,,*
*##.... * *,,,**
##....%#** *****
##.....#* #.....,*
## ##### #.I.## * .#
##)..### #.@..#
.###<.....######.!.#
.#..........#......#
##....#...........##
#....####........##
>.)..# ###...####
...### ##### ...#
..##


You could see an ice beast and a bat (sleeping).

Vanquished Creatures
  A necrophage (D:5)
  3 orc wizards
  A giant frog skeleton (D:4)
  Ijyb (D:2)
  3 gnolls (D:2)
  6 adders
  2 worms (D:4)
  A giant gecko (D:4)
  5 orcs
  6 giant cockroaches
  8 goblins
  11 hobgoblins
  5 quokkas
  3 ball pythons
  9 bats
  5 giant newts
  5 kobolds
  A quokka skeleton (D:4)
  9 rats
85 creatures vanquished.

Vanquished Creatures (others)
  A hobgoblin (D:2)
1 creature vanquished.

Grand Total: 86 creatures vanquished

Notes
Turn   | Place    | Note
--------------------------------------------------------------
     0 | D:1      | Kae, the Deep Elf Ice Elementalist, began the quest for the Orb.
     0 | D:1      | Reached XP level 1. HP: 10/10 MP: 4/4
   394 | D:1      | Reached XP level 2. HP: 13/15 MP: 5/7
   429 | D:1      | Learned a level 2 spell: Throw Frost
   873 | D:2      | Reached skill level 4 in Ice Magic
   873 | D:2      | Reached XP level 3. HP: 12/19 MP: 2/9
   997 | D:2      | Noticed Ijyb
  1007 | D:2      | Killed Ijyb
  1309 | D:2      | Reached XP level 4. HP: 8/24 MP: 8/12
  2369 | D:3      | Learned a level 4 spell: Throw Icicle
  2455 | D:3      | Reached XP level 5. HP: 28/28 MP: 11/15
  2559 | D:3      | Reached skill level 5 in Ice Magic
  3746 | D:4      | Found a white marble altar of Elyvilon.
  4239 | D:5      | Entered Level 5 of the Dungeon
  4280 | D:5      | Noticed a necrophage
  4317 | D:5      | Reached XP level 6. HP: 16/32 MP: 11/18
  4669 | D:5      | Killed a necrophage
  4669 | D:5      | Reached skill level 6 in Ice Magic
  4763 | D:5      | Gained mutation: You have a pair of small antennae on your head. [potion of mutation]
  4763 | D:5      | Gained mutation: You are clumsy (Dex -1). [potion of mutation]
  4763 | D:5      | Gained mutation: Your vision is a little blurry. [potion of mutation]
  4766 | D:5      | Gained mutation: You are partially covered in rough black scales (AC +4, Dex -1). [potion of mutation]
  4766 | D:5      | Gained mutation: You are weak (Str -1). [potion of mutation]
  4777 | D:5      | Noticed an ice beast
  4784 | D:5      | Slain by an ice beast

Action                   |  1- 3 |  4- 6 || total
-------------------------+-------+-------++-------
Melee: Unarmed           |    30 |    14 ||    44
       Spear             |       |   102 ||   102
 Cast: Freeze            |    45 |    70 ||   115
       Throw Frost       |       |     7 ||     7
       Throw Icicle      |       |     6 ||     6
  Use: Scroll            |       |    14 ||    14
       Potion            |       |     6 ||     6
 Stab: Sleeping          |     2 |     4 ||     6
       Distracted        |       |     1 ||     1
